 Dungeon Crawl Stone Soup version 0.19.1-1-g22dce08 (webtiles) character file.

272 Queen the Chopper (level 6, -7/51 HPs)
             Began as a Draconian Berserker on Jan 6, 2017.
             Was a Priest of Trog.
             Mangled by an ogre
             ... wielding a +0 giant club
              (29 damage)
             ... on level 4 of the Dungeon on Jan 8, 2017.
             The game lasted 00:16:30 (3680 turns).

Queen the Chopper (Draconian Berserker)             Turns: 3680, Time: 00:16:30

Health: -7/51      AC:  6    Str: 19    XL:     6   Next: 2%
Magic:  6/6        EV: 13    Int:  8    God:    Trog [***...]
Gold:   153        SH:  0    Dex: 12    Spells: 0 memorised, 5 levels left

rFire  . . .     SeeInvis .     a - +1 hand axe
rCold  . . .     Gourm    .     (armour unavailable)
rNeg   . . .     Faith    .     (no shield)
rPois  .         Spirit   .     (helmet restricted)
rElec  .         Reflect  .     (no cloak)
rCorr  .         Harm     .     (no gloves)
MR     .....                    (no boots)
Stlth  ++........               (no amulet)
                                (no ring)
                                u - ring of stealth

@: no status effects
A: unfitting armour, cold-blooded, AC +6
a: Berserk, Trog's Hand, Burn Spellbooks, Renounce Religion


You were on level 4 of the Dungeon.
You worshipped Trog.
Trog was most pleased with you.
You were not hungry.

You visited 1 branch of the dungeon, and saw 4 of its levels.

You collected 153 gold pieces.

Inventory:

Hand Weapons
 a - a +1 hand axe (weapon)
Jewellery
 u - a ring of stealth (left hand)
Wands
 c - a wand of slowing (28/48)
 j - a wand of disintegration (7/24)
 q - a wand of lightning (8/15)
Scrolls
 i - 2 scrolls of remove curse
 k - a scroll of enchant weapon
 s - a scroll of teleportation
 t - a scroll of recharging {unknown}
Potions
 e - a potion of heal wounds
 g - a potion of agility {unknown}
 h - a potion of lignification {unknown}
 l - a potion of brilliance {unknown}
 n - a potion of invisibility {unknown}
 p - a potion of curing {unknown}
Comestibles
 b - 3 bread rations
 d - a chunk of flesh
 f - 2 meat rations
 m - a slice of pizza
 r - a beef jerky


   Skills:
 - Level 3.2 Fighting
 + Level 6.8 Axes
 - Level 2.6 Dodging


You had 5 spell levels left.
You didn't know any spells.

Dungeon Overview and Level Annotations

Branches:
Dungeon (4/15)
 Temple: D:4-7

Altars:
Elyvilon
Makhleb
Nemelex Xobeh
Qazlal
Xom


Innate Abilities, Weirdness & Mutations

Your plain brown scales are hard. (AC +6)
You cannot fit into any form of body armour.
You are cold-blooded and may be slowed by cold attacks.


Message History

You see here a leather armour.
Things that are here:
a ring mail; a flail; a trident You see here a leather armour.
Found a white marble altar of Elyvilon.
Found an escape hatch in the ceiling.
There is an escape hatch in the ceiling here.
An ogre comes into view. It is wielding a giant club.
The ogre shouts!
You hit the ogre.
The ogre is lightly wounded.
The ogre hits you with a giant club!!
You hit the ogre but do no damage.
Your tail-slap misses the ogre.
The ogre is lightly wounded.
The ogre misses you.
You slash the ogre!
The ogre is moderately wounded.
The ogre hits you with a giant club!!
Ouch! That really hurt!
You die...

############# ##
.......<♣.♣.###....
...................
######♣#♣.♣.######
######.....#..#
#......♣#♣#♣#.# .#
........@O..##.#####.###.
.#.......##.##.##........
#.......# #..#.#.#.#.#
#.?.....# ##.#........
######### #.....⌠....
##......._. #....⌠....
#......... ##.#.#.#.#


You could see an ogre.

Vanquished Creatures
  An orc priest (D:4)
  A hound (D:4)
  A worker ant (D:4)
  An orc wizard (D:3)
  4 adders (D:2)
  An ooze (D:3)
  2 worms
  5 dart slugs
  2 leopard geckos
  9 orcs
  15 bats
  8 giant cockroaches
  6 goblins
  8 hobgoblins
  11 jackals
  8 kobolds
  A quokka (D:2)
  A frilled lizard (D:2)
  7 rats
92 creatures vanquished.

Notes
Turn   | Place    | Note
-------+----------+-------------------------------------------
     0 | D:1      | Queen the Draconian Berserker began the quest for the Orb.
     0 | D:1      | Reached XP level 1. HP: 19/19 MP: 1/1
     0 | D:1      | 0 ||| counter = 4
   110 | D:1      | Reached XP level 2. HP: 16/26 MP: 2/2
   420 | D:1      | Reached skill level 4 in Axes
   578 | D:1      | Reached XP level 3. HP: 29/31 MP: 3/3
   898 | D:1      | Reached ** piety under Trog
  1150 | D:2      | Found a shimmering altar of Xom.
  1177 | D:2      | Found a sparkling altar of Nemelex Xobeh.
  1240 | D:2      | Reached XP level 4. HP: 36/38 MP: 4/4
  1283 | D:2      | Reached skill level 5 in Axes
  2757 | D:3      | Reached XP level 5. HP: 28/45 MP: 5/5
  3029 | D:3      | Reached skill level 6 in Axes
  3032 | D:3      | Reached *** piety under Trog
  3089 | D:3      | Found a stormy altar of Qazlal.
  3484 | D:4      | Found a burning altar of Makhleb.
  3581 | D:4      | Reached XP level 6. HP: 6/51 MP: 6/6
  3654 | D:4      | Found a white marble altar of Elyvilon.
  3680 | D:4      | Mangled by an ogre

Skill      XL: |  1  2  3  4  5 |
---------------+----------------+-----
Axes           | 4 5 6 |  6.8
Fighting       | |  3.2
Dodging        | |  2.6

Action                   |  1- 3 |  4- 6 || total
-------------------------+-------+-------++-------
Melee: Hand axe          |   137 |   168 ||   305
       Tailslap          |    14 |    26 ||    40
  Use: Scroll            |     4 |     1 ||     5
       Potion            |       |     1 ||     1
 Stab: Sleeping          |       |     1 ||     1
  Eat: Chunk             |     1 |     8 ||     9
Armor: Skin              |    69 |    42 ||   111
Dodge: Dodged            |   129 |    95 ||   224
